 Dungeon Crawl Stone Soup version 0.30.1-11-g7821555f0a (webtiles) character file.

Game seed: 7718128790552627157

104 safid the Chiller (level 4, -5/34 HPs)
             Began as a Merfolk Ice Elementalist on Nov 1, 2023.
             Slain by Grinder (9 damage)
             ... on level 3 of the Dungeon.
             The game lasted 00:04:33 (2174 turns).

safid the Chiller (Merfolk Ice Elementalist)        Turns: 2174, Time: 00:04:33

Health: -5/34      AC:  3    Str:  8    XL:     4   Next: 80%
Magic:  8/8        EV: 12    Int: 22    God:
Gold:   180        SH:  0    Dex: 14    Spells: 8/9 levels left

rFire   . . .        q - +2 hand axe (heavy)
rCold   + . .        (no shield)
rNeg    . . .        a - +0 robe
rPois   .            h - +0 helmet
rElec   .            (no cloak)
rCorr   .            (no gloves)
SInv    .            (no boots)
Will    .....        (no amulet)
Stlth   ++           o - +6 ring of intelligence
HPRegen 0.25/turn    p - ring of protection from cold
MPRegen 0.11/turn

%: no passive effects
@: no status effects
A: (nimble swimmer 2), mertail
a: no special abilities


You were on level 3 of the Dungeon.
You visited 1 branch of the dungeon, and saw 3 of its levels.

You collected 180 gold pieces.

Inventory:

Hand Weapons
 d - a +0 dagger
 q - a +2 heavy hand axe (weapon)
Armour
 a - a +0 robe (worn)
 h - a +0 helmet (worn)
Jewellery
 o - a +6 ring of intelligence (left hand)
 p - a ring of protection from cold (right hand)
Scrolls
 c - 3 scrolls of fog {unknown}
 e - a scroll of blinking {unknown}
 f - 3 scrolls of identify {unknown}
 i - a scroll of enchant weapon {unknown}
 k - a scroll of teleportation {unknown}
 l - a scroll of enchant armour {unknown}
Potions
 b - a potion of magic
 g - 2 potions of curing {unknown}
 j - a potion of heal wounds {unknown}
 m - 2 potions of lignification {unknown}
 n - 3 potions of attraction {unknown}


   Skills:
 + Level 2.4 Fighting
 - Level 2.6 Dodging
 - Level 2.1 Stealth
 + Level 3.0 Spellcasting
 + Level 5.2 Ice Magic


You had 8 spell levels left.
You knew the following spells:

 Your Spells              Type           Power      Damage    Failure   Level
a - Freeze                Ice            100%       1d10      1%          1

Your spell library contained the following spells:

 Spells                   Type           Power      Damage    Failure   Level
 Frozen Ramparts          Ice            52%        1d8       4%          3
 Ozocubu's Armour         Ice            26%        N/A       4%          3
 Sublimation of Blood     Necr           3%         N/A       19%         2
 Wereblood                Tmut           3%         N/A       19%         2
 Summon Ice Beast         Ice/Summ       14%        N/A       38%         4
 Summon Hydra             Summ           1%         N/A       100%        7


Dungeon Overview and Level Annotations

Branches:
Dungeon (3/15)

Altars:

Annotations:
D:3 1 runed translucent door, Grinder; Rem's ghost, amateur OpCj


Innate Abilities, Weirdness & Mutations

((You are very nimble when in or above water. (Stealth+, EV+, Speed+++)))
Your lower body shifts to a powerful aquatic tail in water.


Message History

Grinder is moderately wounded.
Grinder barely misses you. Grinder hits you.
You writhe in agony.
You hit Grinder but do no damage.
Grinder is moderately wounded.
Grinder hits you.
* * * LOW HITPOINT WARNING * * *
You writhe in agony.
* * * LOW HITPOINT WARNING * * *
Grinder blinks!
Grinder says, "I used to sell toenails on the black market."
Grinder closely misses you. The rat closely misses you.
You slash the rat!
You kill the rat!
You closely miss Grinder. Grinder barely misses you.
Grinder blinks!
Unknown command.
Unknown command.
You hit Grinder.
Grinder is moderately wounded.
Grinder hits you but does no damage.
Unknown command.
You slash Grinder!
Grinder is severely wounded.
Grinder gestures at you.
You suddenly lose the ability to move!
Grinder hits you.
* * * LOW HITPOINT WARNING * * *
Grinder gestures at you. Pain shoots through your body!
* * * LOW HITPOINT WARNING * * *
You can move again.
Unknown command.
You hit Grinder.
Grinder is severely wounded.
Grinder hits you but does no damage. Grinder hits you.
* * * LOW HITPOINT WARNING * * *
Unknown command.
You hit Grinder but do no damage.
Grinder is severely wounded.
Grinder gestures at you. You resist with significant effort. Grinder hits you!
You die...

#.......#
#.#######
#$# #_#
#.# #.#
##.#
#####†.#
#@....##
#5.#####
~...##
#####


You could see Grinder.

Vanquished Creatures
  3 adders
  2 worms (D:3)
  2 dart slugs (D:2)
  3 orcs (D:3)
  7 ball pythons
  9 bats
  5 endoplasms
  A giant cockroach (D:2)
  4 goblins
  5 hobgoblins
  6 jackals (D:1)
  5 kobolds
  A quokka (D:1)
  2 frilled lizards
  6 rats
61 creatures vanquished.

Notes
Turn   | Place    | Note
-------+----------+-------------------------------------------
     0 | D:1      | safid the Merfolk Ice Elementalist began the quest for the
                  | Orb.
     0 | D:1      | Reached XP level 1. HP: 13/13 MP: 3/3
    69 | D:1      | Reached XP level 2. HP: 7/20 MP: 1/5
    84 | D:1      | Reached skill level 1 in Fighting
    85 | D:1      | HP: 1/21 [bat (1)]
   450 | D:1      | Reached XP level 3. HP: 20/26 MP: 4/6
  1299 | D:2      | Reached skill level 5 in Ice Magic
  1299 | D:2      | Reached XP level 4. HP: 33/33 MP: 8/8
  1839 | D:3      | Noticed Rem's ghost (amateur OpCj)
  1842 | D:3      | Found a runed translucent door.
  2111 | D:3      | Noticed Grinder
  2118 | D:3      | Paralysed by Grinder for 3 turns
  2132 | D:3      | Paralysed by Grinder for 3 turns
  2142 | D:3      | Paralysed by Grinder for 2 turns
  2147 | D:3      | Found a faded altar of an unknown god.
  2154 | D:3      | Paralysed by Grinder for 2 turns
  2171 | D:3      | Paralysed by Grinder for 3 turns
  2174 | D:3      | Slain by Grinder

Illustrated notes

Levels and vault maps discovered:
D:1:      mrwooster_arrival_arrow, layout_loops_ring
D:2:      layout_loops_ring, serial_bayou_pond_b, nrook_uturn
D:3:      layout_rooms, portal_sewer_entry_e, hellmonk_ghost_happy_afterlife,
          basic_ecumenical_altar, dk_noncrumbling_3, uniq_grinder

Skill      XL: |  1  2  3  4 |
---------------+-------------+-----
Fighting       | 1 2 |  2.4
Ice Magic      | 5 |  5.2
Spellcasting   | 3 |  3.0
Dodging        | |  2.6
Stealth        | |  2.1

Action                     |  1- 3 |  4- 6 || total
---------------------------+-------+-------++-------
  Melee: Unarmed           |    62 |       ||    62
         Dagger            |    46 |    30 ||    76
         Punch             |     1 |     2 ||     3
         Hand axe          |       |    12 ||    12
   Cast: Freeze            |    31 |    30 ||    61
   Stab: Sleeping          |     8 |     1 ||     9
 Armour: Robe              |    35 |    13 ||    48
  Dodge: Dodged            |   101 |    39 ||   140
